 Dungeon Crawl Stone Soup version 0.27-a0-1290-g15d3ce7508 (webtiles) character file.

Game seed: 7000627778844430889

250 Delamore the Poker (level 6, 0/50 HPs)
             Began as a Formicid Fighter on June 15, 2021.
             Was an Initiate of Gozag.
             Slain by a gnoll (7 damage)
             ... on level 3 of the Dungeon.
             The game lasted 00:03:41 (2986 turns).

Delamore the Poker (Formicid Fighter)               Turns: 2986, Time: 00:03:42

Health: 0/50       AC: 11    Str: 23    XL:     6   Next: 35%
Magic:  6/6        EV:  6    Int:  7    God:    Gozag
Gold:   116        SH:  9    Dex: 10    Spells: 5/5 levels left

rFire    . . .     SeeInvis +   a - +1 trident (flame)
rCold    . . .     Faith    .   c - +0 kite shield
rNeg     . . .     Spirit   .   f - +0 chain mail
rPois    .         Reflect  .   (helmet unavailable)
rElec    .         Harm     .   (no cloak)
rCorr    .         Rampage  .   e - +0 pair of gloves
Will     .....                  h - +0 pair of boots
Stlth    ..........             (no amulet)
HPRegen  0.16/turn              (no ring)
MPRegen  0.10/turn              (no ring)

@: gold aura
A: permanent stasis, dig shafts and tunnels, antennae 3, four strong arms
a: Dig, Shaft Self, Renounce Religion, Potion Petition, Call Merchant, Bribe
Branch


You were on level 3 of the Dungeon.
You worshipped Gozag.
Gozag was aware of your devotion.
You visited 1 branch of the dungeon, and saw 3 of its levels.

You collected 147 gold pieces.
You paid 31 gold pieces to Gozag.

Inventory:

Hand Weapons
 a - a +1 trident of flaming (weapon)
Missiles
 i - a throwing net
Armour
 c - a +0 kite shield (worn)
 e - a +0 pair of gloves (worn)
 f - a +0 chain mail (worn)
 h - a +0 pair of boots (worn)
Jewellery
 k - a ring of wizardry
Wands
 n - a wand of charming (6)
Scrolls
 g - 2 scrolls of noise
Potions
 d - a potion of might
 l - 2 potions of heal wounds {unknown}
 m - 2 potions of haste {unknown}
 p - 2 potions of attraction {unknown}


   Skills:
 + Level 4.9 Fighting
 * Level 5.2 Polearms
 - Level 3.2 Armour
 - Level 3.6 Shields


You had 5 spell levels left.
You didn't know any spells.
Your spell library was empty.

Dungeon Overview and Level Annotations

Branches:
Dungeon (3/15)

Altars:
Gozag
Uskayaw
The Shining One

Portals:
Sewer: D:3


Innate Abilities, Weirdness & Mutations

You cannot be hasted, slowed, berserked, paralysed or teleported.
You can dig through walls and to a lower floor.
You have a pair of large antennae on your head. (SInv)
Your four strong arms can wield two-handed weapons with a shield.


Message History

You are too injured to fight recklessly!
You are too injured to fight recklessly!
You barely miss the gnoll.
The gnoll is almost dead.
You block the gnoll's attack.
You barely miss the gnoll. You puncture the gnoll! You burn the gnoll.
The gnoll is severely wounded.
The gnoll hits you but does no damage. You block the gnoll's attack.
You hit the gnoll. You burn the gnoll.
The gnoll is almost dead.
You block the gnoll's attack.
You hit the gnoll. You burn the gnoll.
You kill the gnoll!
The gnoll hits you with a +0 spear.
You closely miss the gnoll.
The gnoll is almost dead.
The gnoll hits you but does no damage.
You puncture the gnoll! You burn the gnoll.
You kill the gnoll!
You hit the gnoll. You burn the gnoll.
The gnoll is severely wounded.
The gnoll hits you with a +0 halberd.
You closely miss the gnoll.
The gnoll is severely wounded.
The gnoll hits you with a +0 halberd!
* * * LOW HITPOINT WARNING * * *
The gnoll barely misses you.
You closely miss the gnoll.
The gnoll is severely wounded.
You block the gnoll's attack.
You barely miss the gnoll.
The gnoll is severely wounded.
The gnoll hits you with a +0 halberd.
* * * LOW HITPOINT WARNING * * *
You hit the gnoll. You burn the gnoll.
You kill the gnoll!
You closely miss the gnoll. The gnoll hits you with a +0 flail!
You die...
Your body crumbles into a pile of gold.

##########.## ##.#
#.# #.#
############.#
.≈........#.#
#≈≈≈≈≈##.#.##
.##≈≈≈≈≈##.#..####
.≈≈....{≈≈.#.#{#@#
.≈≈...g.≈{..###g##
.....∩..≈g.## ###
.≈≈...≈.≈g.#
.≈≈.....≈≈.#
.##≈≈.≈≈##)#
#≈≈.≈≈##[#
).........#
......######


You could see a gnoll.

Vanquished Creatures
  14 gnolls
  4 adders
  3 dart slugs
  4 orcs (D:3)
  6 ball pythons
  5 endoplasms
  A giant cockroach (D:1)
  7 goblins
  9 hobgoblins
  A quokka (D:2)
  4 bats
  5 frilled lizards
  6 kobolds
  5 rats (D:1)
74 creatures vanquished.

Notes
Turn   | Place    | Note
-------+----------+-------------------------------------------
     0 | D:1      | Delamore the Formicid Fighter began the quest for the Orb.
     0 | D:1      | Reached XP level 1. HP: 18/18 MP: 1/1
   199 | D:1      | Reached XP level 2. HP: 24/24 MP: 2/2
   948 | D:1      | Reached XP level 3. HP: 30/30 MP: 3/3
  1105 | D:1      | Reached skill level 3 in Polearms
  1115 | D:1      | Reached XP level 4. HP: 27/37 MP: 4/4
  1524 | D:1      | Reached skill level 4 in Polearms
  1770 | D:1      | Reached XP level 5. HP: 9/42 MP: 5/5
  2696 | D:3      | Found an opulent altar of Gozag.
  2697 | D:3      | Found a glowing golden altar of the Shining One.
  2697 | D:3      | Found a hide-covered altar of Uskayaw.
  2707 | D:3      | Became a worshipper of Gozag Ym Sagoz the Greedy
  2765 | D:3      | Reached XP level 6. HP: 26/49 MP: 6/6
  2839 | D:3      | Reached skill level 5 in Polearms
  2840 | D:3      | Found a faded altar of an unknown god.
  2930 | D:3      | Found a glowing drain.
  2986 | D:3      | Slain by a gnoll

Illustrated notes

Levels and vault maps discovered:
D:1:      sevenhm_arrival_forest_fort_small_6, layout_basic
D:2:      layout_rooms
D:3:      layout_basic, nicolae_elyvilon_peaceful_grove, minitemple,
          chequers_ecumenical_altar_simple_redux, cheibrodos_sewer_entry_sluice,
          nrook_mini_vaults, minmay_circle_x

Skill      XL: |  1  2  3  4  5  6 |
---------------+-------------------+-----
Polearms       | 3 4 5 |  5.2
Fighting       | 4 |  4.9
Armour         | |  3.2
Shields        | |  3.6

Action                   |  1- 3 |  4- 6 || total
-------------------------+-------+-------++-------
Melee: Trident           |    74 |   201 ||   275
 Abil: Dig               |       |     4 ||     4
  Use: Scroll            |     2 |     6 ||     8
Armor: Chain mail        |    39 |    82 ||   121
Dodge: Dodged            |    10 |    46 ||    56
Block: Kite shield       |    23 |   102 ||   125

Table legend: (Time is in decaauts)
 A = Elapsed time spent in this place.
 B = Non-inter-level travel time spent in this place.
 C = Inter-level travel time spent in this place.
 D = Time resting spent in this place.
 E = Time spent auto-exploring this place.
 F = Levels seen in this place.
 G = Mean time per level.
                   A        B        C        D        E       F      G
               +--------+--------+--------+--------+--------+-----+--------+
         Total |   3078 |   3020 |     58 |    843 |   1438 |   3 | 1026.0 |
       Dungeon |   3078 |   3020 |     58 |    843 |   1438 |   3 | 1026.0 |
               +--------+--------+--------+--------+--------+-----+--------+

Top non-repeatable levels by time:
     D:1: 2009 daAuts
     D:2: 696 daAuts
     D:3: 372 daAuts
